 Dungeon Crawl Stone Soup version 0.24.0-125-gc4c63601f3 (webtiles) character file.

Game seed: 14316042131457245311, levelgen mode: deterministic

11834 BuffBuff the Grappler (level 11, -4/90 HPs)
             Began as a Vine Stalker Fighter on Mar 16, 2020.
             Was an Elder of Makhleb.
             Slain by a minotaur (12 damage)
             ... on level 1 of the Lair of Beasts.
             The game lasted 00:46:13 (9503 turns).

BuffBuff the Grappler (Vine Stalker Fighter)        Turns: 9503, Time: 00:46:13

Health: -4/90      AC: 25    Str: 23    XL:     11   Next: 83%
Magic:  0/21       EV:  2    Int: 10    God:    Makhleb [****..]
Gold:   511        SH: 12    Dex: 13    Spells: 10/10 levels left

rFire    . . .     SeeInvis .   y - +4 short sword (elec)
rCold    . . .     Gourm    .   b - +1 shield
rNeg     + + +     Faith    .   (armour currently unavailable)
rPois    +         Spirit   +   (helmet currently unavailable)
rElec    .         Reflect  .   (cloak currently unavailable)
rCorr    .         Harm     .   (gloves currently unavailable)
MR       +....     NoTele   +   (boots currently unavailable)
Stlth    +.........             t - amulet of regeneration
HPRegen  1.05/turn              g - ring of magical power
MPRegen  0.17/turn              E - +2 ring of intelligence

@: tree-form
A: regeneration 1, magic shield, no potion heal 3, rot immunity
a: Minor Destruction, Lesser Servant of Makhleb, Major Destruction, Renounce
Religion


You were on level 1 of the Lair of Beasts.
You worshipped Makhleb.
Makhleb was greatly pleased with you.
You were hungry.
You were a tree.
You visited 3 branches of the dungeon, and saw 13 of its levels.

You collected 601 gold pieces.
You spent 90 gold pieces at shops.

Inventory:

Hand Weapons
 l - a +2 vampiric dagger
 y - a +4 short sword of electrocution (weapon)
Missiles
 i - 15 silver javelins (quivered)
Armour
 a - a +1 pair of gloves (melded)
 b - a +1 shield (worn)
 e - a +2 hat (melded)
 w - a scarf of resistance (melded)
 B - a +0 plate armour (melded)
Jewellery
 g - a ring of magical power (left branch)
 j - an uncursed ring of see invisible
 t - an amulet of regeneration (around neck)
 C - an uncursed ring of ice
 E - a +2 ring of intelligence (right branch)
 H - an uncursed ring of protection from cold {unknown}
 M - an uncursed amulet of rage {unknown}
Wands
 h - a wand of random effects (21)
 s - a wand of flame (52)
 u - a wand of digging (6)
Scrolls
 m - 2 scrolls of enchant armour
 n - 5 scrolls of remove curse
 o - 3 scrolls of teleportation
 q - 2 scrolls of blinking
 A - a scroll of amnesia
 D - a scroll of random uselessness {unknown}
 F - 3 scrolls of identify
 I - a scroll of vulnerability {unknown}
 J - a scroll of noise {unknown}
 K - 3 scrolls of magic mapping
 L - a scroll of immolation {unknown}
Potions
 c - a potion of ambrosia {unknown}
 f - 2 potions of degeneration {unknown}
 k - 3 potions of magic
 r - 5 potions of resistance
 v - 3 potions of curing
 x - a potion of agility {unknown}
 z - a potion of cancellation {unknown}
Miscellaneous
 N - a lightning rod (4/4)
Comestibles
 d - 24 rations


   Skills:
 + Level 8.1 Fighting
 + Level 7.4 Armour
 - Level 0.4 Dodging
 + Level 8.2 Shields
 * Level 11.7 Unarmed Combat


You had 10 spell levels left.
You didn't know any spells.
Your spell library contained the following spells:

 Spells                   Type           Power        Failure   Level  Hunger
 Confusing Touch          Hex            #.....       65%         1    ##.....
 Corona                   Hex            #......      65%         1    ##.....
 Summon Small Mammal      Summ           #...         65%         1    ##.....
 Call Imp                 Summ           #.......     80%         2    ###....
 Ensorcelled Hibernation  Hex/Ice        #.....       80%         2    ###....
 Call Canine Familiar     Summ           #.......     95%         3    ####...
 Confuse                  Hex            #.......     95%         3    ####...
 Dazzling Spray           Conj/Hex       #.....       95%         3    ####...
 Gell's Gravitas          Tloc           #.........   95%         3    ####...
 Summon Guardian Golem    Hex/Summ       #.......     95%         3    ####...
 Tukima's Dance           Hex            #.......     95%         3    ####...
 Cause Fear               Hex            #.........   100%        4    #####..
 Petrify                  Tmut/Erth      #.......     100%        4    #####..
 Summon Ice Beast         Ice/Summ       #.......     100%        4    #####..
 Summon Lightning Spire   Summ/Air       #.......     100%        4    #####..
 Metabolic Englaciation   Hex/Ice        #.........   100%        5    ######.
 Silence                  Hex/Air        #.........   100%        5    ######.
 Yara's Violent Unravell  Hex/Tmut       #.........   100%        5    ######.
 Deflect Missiles         Chrm/Air       #.........   100%        6    #######
 Discord                  Hex            #.........   100%        8    #######


Dungeon Overview and Level Annotations

Branches:
Dungeon (11/15)            Temple (1/1) D:5            Lair (1/6) D:9
    Orc: D:9-12

Altars:
Ashenzari
Cheibriados
Dithmenos
Elyvilon
Fedhas
Gozag
Hepliaklqana
Kikubaaqudgha
Makhleb
Nemelex Xobeh
Okawaru
Qazlal
Ru
Sif Muna
Trog
Uskayaw
Vehumet
Wu Jian
Xom
Yredelemnul
Zin
The Shining One


Innate Abilities, Weirdness & Mutations

((You have razor-sharp teeth.))
Your natural rate of healing is unusually fast.
When hurt, damage is shared between your health and your magic reserves.
((Your bite disrupts and absorbs the magic of your enemies.))
Potions cannot restore your health.
You are immune to rotting.


Message History

* * * LOW HITPOINT WARNING * * *
You puncture the minotaur!
The minotaur is severely wounded.
You block the minotaur's attack. The minotaur gores you.
* * * LOW HITPOINT WARNING * * *
You hit the minotaur.
The minotaur is severely wounded.
The minotaur hits you.
* * * LOW HITPOINT WARNING * * *
The minotaur gores you but does no damage.
You hit the minotaur but do no damage.
The minotaur is severely wounded.
The minotaur hits you!
* * * LOW HITPOINT WARNING * * *
The minotaur gores you.
* * * LOW HITPOINT WARNING * * *
You hit the minotaur.
The minotaur is severely wounded.
The minotaur hits you!
You die...

.#.#### ##..## #..## ##.. .###
##....## ##.## ##[.# ##
##.###..###..# ##...# ##H##
###...### ##....# # ##.## #...#
###...... # ####.## ##...#
##........ # ####.#..#
##....###......... ###....(..#
##..##....)........ ....[...#.#
##.♣####............ .##.....###
#PH## ##.......###D ........#
##(# ##....(#.##. ##+.#..H## ##.#
#........... ....#....## #((#
##......###' #.#....#..## ##.#
#.....P.#... .......##..## #.##
##...###.#?#.
..#...####..###..####.....##.###.
#...#.# ##.......##......##.# #.


You could see a minotaur.

Vanquished Creatures
  The ghost of Kuidesed the Thaumaturge, a journeyman DrCj of Vehumet (Lair:1)
  Harold (D:9)
  2 hydras
  2 two-headed ogres
  Pikel (D:9)
  A centaur skeleton (D:11)
  A hippogriff (D:10)
  6 humans (D:9)
  2 hungry ghosts
  Grum (D:9)
  A water moccasin (Lair:1)
  3 porcupines
  2 sky beasts
  5 orc warriors
  3 black bears
  3 ice beasts
  3 wolves (D:9)
  5 ogres
  A necrophage (D:9)
  A phantom (D:2)
  2 centaurs
  4 crocodiles
  6 bullfrogs
  A wyvern skeleton (D:10)
  A scorpion (D:4)
  6 killer bees
  9 wights
  3 howler monkeys
  2 lava snakes (D:10)
  A crimson imp (D:8)
  6 hounds
  3 jellies
  2 bullfrog skeletons
  2 orc priests (D:7)
  12 orc wizards
  Ijyb (D:5)
  13 worker ants
  2 hound zombies (D:5)
  2 hound skeletons
  2 howler monkey zombies
  4 gnolls (D:5)
  8 adders
  2 shadow imps
  An ooze (D:1)
  3 adder skeletons
  3 worms
  5 dart slugs
  10 leopard geckos
  44 orcs
  4 giant cockroaches
  9 goblins
  10 hobgoblins
  14 jackals
  8 quokkas
  9 bats
  5 frilled lizards
  A jackal skeleton (D:4)
  7 kobolds
  A leopard gecko skeleton (D:8)
  2 quokka zombies
  8 rats
  A spectral orc (D:9)
284 creatures vanquished.

Vanquished Creatures (others)
  15 fungi (D:9)
  5 plants (D:9)
20 creatures vanquished.

Grand Total: 304 creatures vanquished

Notes
Turn   | Place    | Note
-------+----------+-------------------------------------------
     0 | D:1      | BuffBuff the Vine Stalker Fighter began the quest for the
                  | Orb.
     0 | D:1      | Reached XP level 1. HP: 11/11 MP: 2/2
   116 | D:1      | Reached XP level 2. HP: 16/16 MP: 3/3
   541 | D:1      | Reached XP level 3. HP: 16/20 MP: 4/4
  1378 | D:2      | Gained mutation: Your natural rate of healing is unusually
                  | fast. [Vine Stalker growth]
  1378 | D:2      | Reached XP level 4. HP: 16/24 MP: 5/5
  1537 | D:2      | Reached skill level 3 in Unarmed Combat
  1680 | D:2      | Noticed a phantom
  1715 | D:2      | Killed a phantom
  1715 | D:2      | Reached XP level 5. HP: 22/28 MP: 6/6
  1906 | D:3      | Found a blossoming altar of Fedhas.
  2315 | D:3      | Found Zin's Purification Station.
  2318 | D:3      | Found a glowing silver altar of Zin.
  2321 | D:3      | Bought a potion of curing for 90 gold pieces
  2533 | D:3      | Reached XP level 6. HP: 32/32 MP: 7/7
  2624 | D:3      | Reached skill level 4 in Unarmed Combat
  3312 | D:4      | Reached XP level 7. HP: 27/37 MP: 6/8
  3413 | D:4      | Reached skill level 5 in Unarmed Combat
  3557 | D:5      | Entered Level 5 of the Dungeon
  3715 | D:5      | Found a staircase to the Ecumenical Temple.
  3762 | Temple   | Entered the Ecumenical Temple
  3970 | Temple   | Became a worshipper of Makhleb the Destroyer
  4235 | D:5      | Gained mutation: You have razor-sharp teeth. [Vine Stalker
                  | growth]
  4235 | D:5      | Reached XP level 8. HP: 42/42 MP: 9/9
  4324 | D:5      | Noticed Ijyb
  4333 | D:5      | Killed Ijyb
  4366 | D:5      | Reached skill level 6 in Unarmed Combat
  4898 | D:6      | You fall into a shaft and drop 1 floor!
  4949 | D:7      | Reached * piety under Makhleb
  4965 | D:6      | Found a stormy altar of Qazlal.
  5270 | D:6      | Found an opulent altar of Gozag.
  5640 | D:7      | Reached skill level 5 in Shields
  5642 | D:7      | Reached skill level 5 in Fighting
  5792 | D:7      | Reached skill level 7 in Unarmed Combat
  5864 | D:6      | Reached XP level 9. HP: 41/47 MP: 10/10
  6013 | D:7      | Reached skill level 5 in Armour
  6318 | D:7      | Reached skill level 8 in Unarmed Combat
  6497 | D:8      | Found a radiant altar of Vehumet.
  6500 | D:8      | Found a white marble altar of Elyvilon.
  6684 | D:8      | Reached ** piety under Makhleb
  7334 | D:9      | Reached XP level 10. HP: 45/53 MP: 11/11
  7336 | D:9      | Reached skill level 9 in Unarmed Combat
  7424 | D:9      | Found a staircase to the Lair.
  7431 | D:9      | Noticed a two-headed ogre
  7455 | D:9      | Killed a two-headed ogre
  7505 | D:9      | Noticed Harold
  7522 | D:9      | Killed Harold
  7549 | D:9      | Reached skill level 10 in Unarmed Combat
  7555 | D:9      | Reached *** piety under Makhleb
  7732 | D:9      | Noticed Grum
  7737 | D:9      | Reached XP level 11. HP: 52/58 MP: 12/12
  7741 | D:9      | Killed Grum
  7760 | D:9      | Noticed Pikel
  7766 | D:9      | Killed Pikel
  8012 | D:9      | Found a basalt altar of Yredelemnul.
  8176 | D:10     | Entered Level 10 of the Dungeon
  8487 | D:10     | Reached **** piety under Makhleb
  8551 | D:10     | Reached skill level 11 in Unarmed Combat
  8788 | D:11     | Noticed a purple ugly thing
  8824 | D:11     | Noticed an eight-headed hydra
  8839 | D:11     | Killed an eight-headed hydra
  8929 | D:11     | Noticed a two-headed ogre
  8940 | D:11     | Killed a two-headed ogre
  9000 | D:11     | Noticed a vampire knight
  9068 | Lair:1   | Entered Level 1 of the Lair of Beasts
  9282 | Lair:1   | Found a runed translucent gate.
  9283 | Lair:1   | Found a runed translucent gate.
  9284 | Lair:1   | Found a runed translucent gate.
  9291 | Lair:1   | Noticed a minotaur
  9291 | Lair:1   | Noticed a four-headed hydra
  9291 | Lair:1   | Noticed Kuidesed's ghost (journeyman DrCj)
  9313 | Lair:1   | Killed a four-headed hydra
  9325 | Lair:1   | Killed Kuidesed's ghost
  9400 | Lair:1   | HP: 3/60 [minotaur/silver javelin (19)]
  9400 | Lair:1   | HP: 1/60 [minotaur/silver javelin (2)]
  9503 | Lair:1   | Slain by a minotaur

Levels and vault maps discovered:
D:1:      scummos_arrival_checkerplants, layout_basic,
          hangedman_abyss_or_decor_lesser_grid
D:2:      layout_rooms
D:3:      layout_loops_corners, overflow_temple_1_default, zin_purify,
          first_ration, minmay_quantized
D:4:      minmay_chambers_of_threes, layout_loops_ring, st_stairs_14
D:5:      layout_gridville, minmay_temple_entry_crystal_x, uniq_ijyb
D:6:      layout_basic, grunt_gozag_breadcrumbs,
          nicolae_qazlal_general_emergency, serial_glass, glass_columns_b,
          glass_columns_c
D:7:      layout_basic, grunt_ogre_cave, lemuel_another_geyser
D:8:      layout_loops_corners, minitemple
D:9:      layout_loops_cross, yredelemnul_forgotten_temple_becter,
          due_lair_maze_entry_diamond, minmay_ruffians, uniq_grum, uniq_pikel,
          uniq_harold
D:10:     layout_big_octagon
D:11:     layout_rooms, kennysheep_island_fort
Temple:   regret_index_temple_generic_petals
Lair:1:   layout_layer_cave, serial_rivers, chequers_serial_rivers_large_a,
          chequers_serial_rivers_micro_c, chequers_serial_rivers_small_a,
          chequers_serial_rivers_micro_d, chequers_serial_rivers_micro_a,
          maelrawn_ghost_gauntlet_escape, minivault_11

Skill      XL: |  1  2  3  4  5  6  7  8  9 10 11 |
---------------+----------------------------------+-----
Fighting       | 3 4 5 6 7 8 |  8.1
Shields        | 3 4 5 6 7 8 |  8.2
Unarmed Combat | 3 4 5 7 8 10 11 | 11.7
Armour         | 3 4 5 6 7 |  7.4
Dodging        | |  0.4

Action                   |  1- 3 |  4- 6 |  7- 9 | 10-12 || total
-------------------------+-------+-------+-------+-------++-------
Melee: Unarmed           |   151 |   250 |   215 |       ||   616
       Bite              |    34 |    81 |   135 |   107 ||   357
       Short sword       |       |       |   205 |   369 ||   574
Throw: Dart              |       |     2 |     4 |    18 ||    24
Evoke: Wand              |       |       |       |    21 ||    21
  Use: Scroll            |       |       |    15 |     1 ||    16
       Potion            |       |       |       |     6 ||     6
 Stab: Distracted        |       |       |     1 |       ||     1
  Eat: Chunk             |     2 |     6 |     7 |    12 ||    27
       Ration            |       |       |     2 |       ||     2
Armor: Scale mail        |    32 |    91 |   124 |       ||   247
       Plate armour      |       |       |    55 |   192 ||   247
       Skin              |       |       |       |    12 ||    12
Dodge: Dodged            |    39 |    39 |   104 |    63 ||   245
Block: Shield            |    63 |   118 |   226 |   242 ||   649
